SA
SYRACUSE STORM @ KENNESAW JETS
08/17/2026
 
TOP OF THE 1ST
Syracuse Storm batting - Pitching for Kennesaw Jets : RHP José López
Pitching: RHP José López
Batting: RHB José Costello 0-0: Ball
1-0: Called Strike
1-1: Reached on error, E5 (Groundball, 56)
Batting: RHB Jim Unknown 0-0: Ball
1-0: Foul Ball, location: 2F
1-1: Fly out, F9 (Flyball, 9S)
Batting: RHB Jim Unknown 0-0: Called Strike
José Costello steals 2nd base
0-1: Called Strike
0-2: Ball
1-2: Ball
2-2: Ball
3-2: Foul Ball, location: 2F
3-2: Fly out, F5 (Popup, 5S)
Batting: LHB Phil MacNamara 0-0: SINGLE (Flyball, 4MD)
José Costello to third
Runner from 3rd tries for Home, SAFE, no throw
Batting: RHB António Canales 0-0: SINGLE (Groundball, 34D)
Phil MacNamara to second
Runner from 2nd tries for 3rd, SAFE, throw made to third
Batting: RHB Phil Sherman 0-0: Called Strike
0-1: Fielders Choice at 2nd, 6-4 (Groundball, 6)
Top of the 1st over - 1 run(s), 2 hit(s), 1 error(s), 1 left on base; Syracuse 1 - Kennesaw 0
BOTTOM OF THE 1ST
Kennesaw Jets batting - Pitching for Syracuse Storm : LHP António Muñóz
Pitching: LHP António Muñóz
Batting: RHB Bartolo Rosas 0-0: Swinging Strike
0-1: Foul Ball, location: 2F
0-2: Ball
1-2: Ball
2-2: Ball
3-2: SINGLE (Groundball, 4) (infield hit)
Batting: RHB Omar Durán 0-0: Ball
1-0: Ball
2-0: Foul Ball, location: 2F
2-1: Foul Ball, location: 2F
2-2: Strikes out swinging
Batting: LHB Pedro Corona 0-0: Ball
1-0: Swinging Strike
1-1: Ball
2-1: SINGLE (Groundball, 6MD)
Bartolo Rosas to second
Batting: RHB Raúl Francisco 0-0: Ball
Bartolo Rosas steals 3rd base
Pedro Corona to second
1-0: Fly out, F4 (Popup, 4D)
Batting: RHB Vic Richards 0-0: Ball
1-0: Foul Ball, location: 2F
1-1: SINGLE (Groundball, 5D)
Bartolo Rosas scores
Pedro Corona to third
Runner from 3rd tries for Home, SAFE, no throw
Batting: SHB Pat Sargent 0-0: Ball
1-0: Swinging Strike
1-1: Swinging Strike
1-2: Strikes out swinging
Bottom of the 1st over - 2 run(s), 3 hit(s), 0 error(s), 1 left on base; Syracuse 1 - Kennesaw 2
TOP OF THE 2ND
Syracuse Storm batting - Pitching for Kennesaw Jets : RHP José López
Batting: RHB Jerry Bowen 0-0: Foul Ball, location: 2F
0-1: Called Strike
0-2: Foul Ball, location: 2F
0-2: Foul Ball, location: 2F
0-2: Foul Ball, location: 2F
0-2: Strikes out swinging
Batting: LHB José Trejo 0-0: SINGLE (Line Drive, 89S)
Batting: RHB Eduardo Santos 0-0: Called Strike
0-1: Called Strike
0-2: Foul Ball, location: 2F
0-2: Ball
1-2: Grounds into double play, 5-4-3 (Groundball, 56)
Top of the 2nd over - 0 run(s), 1 hit(s), 0 error(s), 0 left on base; Syracuse 1 - Kennesaw 2
BOTTOM OF THE 2ND
Kennesaw Jets batting - Pitching for Syracuse Storm : LHP António Muñóz
Batting: RHB Bernardo Martínez 0-0: Ball
1-0: SINGLE (Line Drive, 6D)
Batting: RHB Gerardo Maldonado 0-0: Ball
1-0: Ball
2-0: Fly out, F4 (Popup, 4)
Batting: LHB Manuel Márquez 0-0: SINGLE (Line Drive, 8LS)
Bernardo Martínez to second
Batting: RHB Bartolo Rosas 0-0: Foul Ball, location: 2F
0-1: SINGLE (Groundball, 34D)
Bernardo Martínez to third
Manuel Márquez to second
Batting: RHB Omar Durán 0-0: Ball
1-0: Foul Ball, location: 2F
1-1: Called Strike
1-2: Foul Ball, location: 2F
1-2: Strikes out looking
Batting: LHB Pedro Corona 0-0: SINGLE (Groundball, 6MD)
Bernardo Martínez scores
Manuel Márquez to third
Bartolo Rosas to second
Runner from 3rd tries for Home, SAFE, no throw
Batting: RHB Raúl Francisco 0-0: Ball
1-0: Ball
2-0: Ground out 1-3 (Groundball, 13S)
Bottom of the 2nd over - 2 run(s), 4 hit(s), 0 error(s), 2 left on base; Syracuse 1 - Kennesaw 4
TOP OF THE 3RD
Syracuse Storm batting - Pitching for Kennesaw Jets : RHP José López
Batting: RHB José Costello 0-0: Ball
1-0: Foul Ball, location: 2F
1-1: Called Strike
1-2: Foul Ball, location: 2F
1-2: Ground out 5-3 (Groundball, 56S)
Batting: RHB Jim Unknown 0-0: Ball
1-0: Ball
2-0: Ball
3-0: Called Strike
3-1: Swinging Strike
3-2: Base on Balls
Batting: RHB Jim Unknown 0-0: Called Strike
0-1: Ball
1-1: Ball
2-1: Swinging Strike
2-2: Ball
3-2: Foul Ball, location: 2F
3-2: Strikes out looking
Batting: LHB Phil MacNamara 0-0: Ball
1-0: Foul Ball, location: 2F
1-1: Called Strike
1-2: Ball
2-2: Strikes out swinging
Top of the 3rd over - 0 run(s), 0 hit(s), 0 error(s), 1 left on base; Syracuse 1 - Kennesaw 4
BOTTOM OF THE 3RD
Kennesaw Jets batting - Pitching for Syracuse Storm : LHP António Muñóz
Batting: RHB Vic Richards 0-0: SINGLE (Groundball, 56) (infield hit)
Batting: SHB Pat Sargent 0-0: Ball
1-0: Foul Ball, location: 2F
1-1: Foul Ball, location: 2F
1-2: Foul Ball, location: 2F
1-2: Fly out, F5 (Line Drive, 5)
Batting: RHB Bernardo Martínez 0-0: Called Strike
0-1: SINGLE (Line Drive, 9LS)
Vic Richards to second
Runner from 2nd tries for 3rd, SAFE, throw made to third
Batting: RHB Gerardo Maldonado 0-0: SINGLE (Flyball, 8LS)
Vic Richards scores
Bernardo Martínez to second
Batting: LHB Manuel Márquez 0-0: Swinging Strike
0-1: Ball
1-1: SINGLE (Groundball, 34D)
Bernardo Martínez to third
Gerardo Maldonado to second
Runner from 3rd tries for Home, SAFE, no throw
Batting: RHB Bartolo Rosas 0-0: Ball
1-0: Called Strike
1-1: Fly out, F8 (Flyball, 8RM)
Runner from 2nd tags up, SAFE at 3rd with throw
Batting: RHB Omar Durán 0-0: Ball
1-0: Swinging Strike
1-1: Fly out, F9 (Flyball, 9LS)
Bottom of the 3rd over - 2 run(s), 4 hit(s), 0 error(s), 2 left on base; Syracuse 1 - Kennesaw 6
TOP OF THE 4TH
Syracuse Storm batting - Pitching for Kennesaw Jets : RHP José López
Batting: RHB António Canales 0-0: Swinging Strike
0-1: Swinging Strike
0-2: Foul Ball, location: 2F
0-2: Strikes out swinging
Batting: RHB Phil Sherman 0-0: Called Strike
0-1: Ball
1-1: Foul Ball, location: 2F
1-2: Fly out, F8 (Flyball, 8RD)
Batting: RHB Jerry Bowen 0-0: Foul Ball, location: 2F
0-1: Ground out 5-3 (Groundball, 56)
Top of the 4th over - 0 run(s), 0 hit(s), 0 error(s), 0 left on base; Syracuse 1 - Kennesaw 6
BOTTOM OF THE 4TH
Kennesaw Jets batting - Pitching for Syracuse Storm : LHP António Muñóz
Batting: LHB Pedro Corona 0-0: Ball
1-0: Ground out U3 (Groundball, 3S)
Batting: RHB Raúl Francisco 0-0: Ball
1-0: Foul Ball, location: 2F
1-1: Called Strike
1-2: Ball
2-2: Ground out U3 (Groundball, 3S)
Batting: RHB Vic Richards 0-0: Ball
1-0: Foul Ball, location: 2F
1-1: Fly out, F8 (Line Drive, 8RM)
Bottom of the 4th over - 0 run(s), 0 hit(s), 0 error(s), 0 left on base; Syracuse 1 - Kennesaw 6
TOP OF THE 5TH
Syracuse Storm batting - Pitching for Kennesaw Jets : RHP José López
Batting: LHB José Trejo 0-0: Swinging Strike
0-1: Ball
1-1: Swinging Strike
1-2: Ball
2-2: SINGLE (Line Drive, 8RS)
Batting: RHB Eduardo Santos 0-0: Ball
1-0: Foul Ball, location: 2F
1-1: Foul Ball, location: 2F
1-2: Fly out, F8 (Flyball, 8RD)
Batting: RHB José Costello 0-0: Called Strike
0-1: Swinging Strike
0-2: Foul Ball, location: 2F
0-2: Foul Ball, location: 2F
0-2: Fly out, F7 (Flyball, 7)
Batting: RHB Jim Unknown 0-0: Ground out 4-3 (Groundball, 4S)
Top of the 5th over - 0 run(s), 1 hit(s), 0 error(s), 1 left on base; Syracuse 1 - Kennesaw 6
BOTTOM OF THE 5TH
Kennesaw Jets batting - Pitching for Syracuse Storm : LHP António Muñóz
Pitching: RHP Collin Ferrer
Batting: SHB Pat Sargent 0-0: Ball
1-0: Ground out 1-3 (Groundball, 13S)
Batting: RHB Bernardo Martínez 0-0: Ball
1-0: Called Strike
1-1: SINGLE (Groundball, 6D)
Batting: RHB Gerardo Maldonado 0-0: Called Strike
0-1: Foul Ball, location: 2F
0-2: Strikes out swinging
Batting: LHB Manuel Márquez 0-0: Ball
1-0: Called Strike
Bernardo Martínez steals 2nd base
1-1: Foul Ball, location: 2F
1-2: Strikes out swinging
Bottom of the 5th over - 0 run(s), 1 hit(s), 0 error(s), 1 left on base; Syracuse 1 - Kennesaw 6
TOP OF THE 6TH
Syracuse Storm batting - Pitching for Kennesaw Jets : RHP José López
Batting: RHB Jim Unknown 0-0: Ball
1-0: Swinging Strike
1-1: Ground out 1-3 (Groundball, 13S)
Batting: LHB Phil MacNamara 0-0: Called Strike
0-1: Foul Ball, location: 2F
0-2: Ball
1-2: Fly out, F9 (Flyball, 9)
Batting: RHB António Canales 0-0: Ball
1-0: Called Strike
1-1: Foul Ball, location: 2F
1-2: Foul Ball, location: 2F
1-2: Ball
2-2: Foul Ball, location: 2F
2-2: Ball
3-2: Strikes out swinging
Top of the 6th over - 0 run(s), 0 hit(s), 0 error(s), 0 left on base; Syracuse 1 - Kennesaw 6
BOTTOM OF THE 6TH
Kennesaw Jets batting - Pitching for Syracuse Storm : RHP Collin Ferrer
Batting: RHB Bartolo Rosas 0-0: Foul Ball, location: 2F
0-1: SINGLE (Line Drive, 4MD)
Batting: RHB Omar Durán 0-0: SINGLE (Line Drive, 6MD)
Bartolo Rosas to second
Batting: LHB Pedro Corona 0-0: Foul Ball, location: 2F
0-1: Swinging Strike
0-2: Ball
1-2: Ball
2-2: Strikes out swinging
Batting: RHB Raúl Francisco 0-0: SINGLE (Flyball, 7LS)
Bartolo Rosas to third
Omar Durán to second
Runner from 3rd tries for Home, throw and OUT!
Omar Durán to third
Raúl Francisco to second
Batting: RHB Vic Richards 0-0: Ball
1-0: Ball
2-0: Reached on error, E6 (Groundball, 6)
Omar Durán scores
Raúl Francisco scores
Batting: SHB Pat Sargent 0-0: Ball
1-0: Ground out 3-1 (Groundball, 34)
Bottom of the 6th over - 2 run(s), 3 hit(s), 1 error(s), 1 left on base; Syracuse 1 - Kennesaw 8
TOP OF THE 7TH
Syracuse Storm batting - Pitching for Kennesaw Jets : RHP José López
Batting: RHB Phil Sherman 0-0: Swinging Strike
0-1: SINGLE (Groundball, 6MD)
Batting: RHB Jerry Bowen 0-0: Fly out, F8 (Flyball, 8RM)
Batting: LHB José Trejo 0-0: Called Strike
0-1: Called Strike
0-2: Ball
1-2: Fielders Choice at 2nd, 1-4 (Groundball, 15S)
Batting: RHB Eduardo Santos 0-0: Called Strike
0-1: Foul Ball, location: 2F
0-2: Ball
1-2: Strikes out swinging
Top of the 7th over - 0 run(s), 1 hit(s), 0 error(s), 1 left on base; Syracuse 1 - Kennesaw 8
BOTTOM OF THE 7TH
Kennesaw Jets batting - Pitching for Syracuse Storm : RHP Collin Ferrer
Batting: RHB Bernardo Martínez 0-0: Called Strike
0-1: Ball
1-1: Fly out, F7 (Line Drive, 7S)
Batting: RHB Gerardo Maldonado 0-0: Ground out 5-3 (Groundball, 56S)
Batting: LHB Manuel Márquez 0-0: Fly out, F8 (Line Drive, 8LM)
Bottom of the 7th over - 0 run(s), 0 hit(s), 0 error(s), 0 left on base; Syracuse 1 - Kennesaw 8
TOP OF THE 8TH
Syracuse Storm batting - Pitching for Kennesaw Jets : RHP José López
Batting: RHB José Costello 0-0: Fly out, F9 (Flyball, 9S)
Batting: RHB Jim Unknown 0-0: Called Strike
0-1: Ball
1-1: Called Strike
1-2: Ball
2-2: Foul Ball, location: 2F
2-2: Strikes out looking
Batting: RHB Jim Unknown 0-0: Foul Ball, location: 2F
0-1: Foul Ball, location: 2F
0-2: Ball
1-2: Foul Ball, location: 2F
1-2: Fly out, F8 (Line Drive, 8LD)
Top of the 8th over - 0 run(s), 0 hit(s), 0 error(s), 0 left on base; Syracuse 1 - Kennesaw 8
BOTTOM OF THE 8TH
Kennesaw Jets batting - Pitching for Syracuse Storm : RHP Collin Ferrer
Batting: RHB Bartolo Rosas 0-0: Called Strike
0-1: Foul Ball, location: 2F
0-2: Ball
1-2: Ground out 1-3 (Groundball, 15S)
Batting: RHB Omar Durán 0-0: Ball
1-0: Ball
2-0: SINGLE (Groundball, 34D)
Batting: LHB Pedro Corona 0-0: SINGLE (Flyball, 8RS)
Omar Durán to second
Runner from 2nd tries for 3rd, SAFE, no throw
Batting: RHB Raúl Francisco 0-0: Ball
1-0: Ball
2-0: Called Strike
2-1: SINGLE (Flyball, 8LS)
Omar Durán scores
Pedro Corona to second
Batting: RHB Vic Richards 0-0: Called Strike
0-1: Ball
1-1: Foul Ball, location: 2F
1-2: Fly out, F9 (Flyball, 9LMF)
Batting: SHB Pat Sargent 0-0: Foul Ball, location: 2F
0-1: Called Strike
0-2: Ball
1-2: Foul Ball, location: 2F
1-2: Strikes out looking
Bottom of the 8th over - 1 run(s), 3 hit(s), 0 error(s), 2 left on base; Syracuse 1 - Kennesaw 9
TOP OF THE 9TH
Syracuse Storm batting - Pitching for Kennesaw Jets : RHP José López
Pitching: RHP Luis Torrez
Now at C: Shannon Corzo
Now in LF: Christopher Pabst
Batting: LHB Phil MacNamara 0-0: Fly out, F5 (Line Drive, 56)
Batting: RHB António Canales 0-0: Called Strike
0-1: Called Strike
0-2: Ball
1-2: Strikes out swinging
Batting: RHB Phil Sherman 0-0: Called Strike
0-1: Ball
1-1: Ball
2-1: Ball
3-1: Fly out, F7 (Line Drive, 78S)
Top of the 9th over - 0 run(s), 0 hit(s), 0 error(s), 0 left on base; Syracuse 1 - Kennesaw 9
Monday, March 20th, 2017 - OOTP Baseball 17.12 Build 75